 Dungeon Crawl Stone Soup version 0.31-a0-167-g1c394c0614 (webtiles) character file.

Game seed: 282776952601137873

156 qw the Shooter (level 5, -14/46 HPs)
             Began as a Naga Hunter on June 14, 2023.
             Demolished by an orc warrior
             ... wielding a +0 heavy flail
              (17 damage)
             ... on level 4 of the Dungeon.
             The game lasted 00:00:38 (2107 turns).

qw the Shooter (Naga Hunter)                        Turns: 2107, Time: 00:00:39

Health: -14/46     AC:  4    Str: 13    XL:     5   Next: 38%
Magic:  5/5        EV: 14    Int:  9    God:
Gold:   168        SH:  0    Dex: 17    Spells: 4/4 levels left

rFire   . . .        Y - +0 shortbow
rCold   . . .        (shield currently unavailable)
rNeg    . . .        c - +0 leather armour
rPois   +            (no helmet)
rElec   .            d - +0 cloak
rCorr   .            (no gloves)
SInv    +            (no barding)
Will    .....        (no amulet)
Stlth   ++           g - +5 ring of evasion
HPRegen 0.27/turn    (no ring)
MPRegen 0.09/turn

%: no passive effects
@: about to teleport, short of breath, very slow
A: AC +1, large, see invisible, deformed body, poison resistance, slowness 2,
spit poison 1, naga tail 1
a: Spit Poison


You were on level 4 of the Dungeon.
You visited 1 branch of the dungeon, and saw 4 of its levels.

You collected 168 gold pieces.


Innate Abilities, Weirdness & Mutations

Your serpentine skin is tough. (AC +1)
You have supernaturally acute eyesight. (SInv)
Armour fits poorly on your strangely shaped body.
Your system is resistant to poisons. (rPois)
You cover ground very slowly.
You can spit poison.
You have a snake-like lower body.


   Skills:
 + Level 2.4 Fighting
 - Level 5.7 Ranged Weapons
 - Level 1.5 Dodging
 - Level 1.5 Stealth


You had 4 spell levels left.
You didn't know any spells.
Your spell library was empty.

Inventory:

Hand Weapons
 Y - a +0 shortbow (weapon)
Armour
 c - a +0 leather armour (worn)
 d - a +0 cloak (worn)
Jewellery
 g - a +5 ring of evasion (left hand)
Scrolls
 k - a scroll of identify
Potions
 e - a potion of mutation {unknown}
 f - a potion of curing {unknown}
 h - a potion of lignification {unknown}
 i - a potion of haste {unknown}
 m - a potion of attraction {unknown}

Dungeon Overview and Level Annotations

Branches:
Dungeon (4/15)
 Temple: D:4-7

Altars:
Ashenzari
Makhleb
Ru


Message History

An orc wizard comes into view. It is wielding a +0 dagger.
You shoot an arrow.
The arrow hits the orc warrior but does no damage.
The orc warrior is moderately wounded.
You shoot an arrow.
The arrow hits the orc warrior but does no damage.
The orc warrior is moderately wounded.
You have got your breath back.
The orc warrior barely misses you.
2103 ||| INVOKING Spit Poison.
Aiming: Spit Poison (1% risk of failure)
Press: ? - help, Shift-Dir - straight line, f/p - orc warrior The splash of poison misses the orc warrior.
The orc warrior barely misses you.
You shoot an arrow. The arrow hits the orc warrior.
The orc warrior is heavily wounded.
The orc misses you.
The orc wizard hits you but does no damage.
You shoot an arrow.
The arrow barely misses the orc warrior.
The orc wizard hits you but does no damage.
The orc warrior hits you with a +0 heavy flail!!
Ouch! That really hurt!
The orc barely misses you.
The orc wizard casts a spell.
The orc wizard flickers and vanishes for a moment.
You shoot an arrow.
The arrow hits the orc warrior but does no damage.
The orc warrior is heavily wounded.
The orc wizard closely misses you.
The orc warrior hits you with a +0 heavy flail!
The orc wizard hits you with a +0 dagger.
2107 ||| READING scroll of teleportation.
As you read the scroll of teleportation, it crumbles to dust.
You feel strangely unstable.
The orc wizard hits you but does no damage.
The orc wizard points at you and mumbles some strange words.
You resist with some effort.
The orc warrior hits you with a +0 heavy flail!
You die... ..... ... ... .oo

#####o## #.##ooo#
####.##8o8#
#....##o@o# #
#.<.##.##
##..#.###'# ##
....###.#..# ..
#####.#%##..#.####.
#..##.#........
#.........#####
.............##
####.###.#...#


You could see an orc warrior, 2 orc wizards and 6 orcs.

Vanquished Creatures
  A black bear (D:3)
  3 adders
  A worm (D:2)
  A dart slug (D:2)
  2 orcs (D:4)
  4 bats
  3 endoplasms
  2 giant cockroaches (D:2)
  5 goblins
  3 hobgoblins
  3 quokkas
  2 frilled lizards (D:1)
  2 kobolds
  A rat (D:3)
  2 butterflies (D:1)
35 creatures vanquished.

Notes
Turn   | Place    | Note
-------+----------+-------------------------------------------
     0 | D:1      | qw the Naga Hunter began the quest for the Orb.
     0 | D:1      | Reached XP level 1. HP: 19/19 MP: 1/1
     0 | D:1      | 0 ||| qw: Version: 0.2-a-29-g1fa15c8
     0 | D:1      | 0 ||| qw: Game counter: 5108
     0 | D:1      | 0 ||| qw: Always use a shield: true
     0 | D:1      | 0 ||| qw: God list: Okawaru
     0 | D:1      | 0 ||| qw: Allow faded altars: false
     0 | D:1      | 0 ||| qw: Do Orc after D:15 true
     0 | D:1      | 0 ||| qw: Do second Lair branch before Depths: true
     0 | D:1      | 0 ||| qw: Lair rune preference: random
     0 | D:1      | 0 ||| qw: Plans: Normal
     0 | D:1      | 0 ||| PLANNING D:1-11
   137 | D:1      | 137 ||| INVOKING Spit Poison.
   141 | D:1      | 141 ||| INVOKING Spit Poison.
   200 | D:1      | 200 ||| INVOKING Spit Poison.
   248 | D:1      | 248 ||| INVOKING Spit Poison.
   249 | D:1      | 249 ||| INVOKING Spit Poison.
   550 | D:1      | Found a faded altar of an unknown god.
   607 | D:1      | 607 ||| INVOKING Spit Poison.
   703 | D:1      | 703 ||| UPGRADING to +0 cloak.
   708 | D:1      | 708 ||| UPGRADING to +5 ring of evasion.
   709 | D:1      | 709 ||| READING scroll labelled VOFETOE ALOFEV.
   712 | D:1      | 712 ||| READING scroll labelled LAOCUT BIAXZE.
   713 | D:1      | 713 ||| DROPPING scroll of butterflies.
   766 | D:2      | 766 ||| INVOKING Spit Poison.
   769 | D:2      | 769 ||| STAIRDANCE
   772 | D:1      | Reached skill level 4 in Ranged Weapons
   772 | D:1      | Reached XP level 2. HP: 23/26 MP: 2/2
   789 | D:2      | 789 ||| INVOKING Spit Poison.
   803 | D:2      | 803 ||| INVOKING Spit Poison.
   806 | D:2      | 806 ||| INVOKING Spit Poison.
   887 | D:2      | 887 ||| INVOKING Spit Poison.
  1042 | D:2      | 1042 ||| INVOKING Spit Poison.
  1053 | D:2      | 1053 ||| INVOKING Spit Poison.
  1058 | D:2      | Reached XP level 3. HP: 32/32 MP: 3/3
  1076 | D:2      | 1076 ||| INVOKING Spit Poison.
  1148 | D:2      | 1148 ||| INVOKING Spit Poison.
  1168 | D:2      | Found a burning altar of Makhleb.
  1218 | D:2      | 1218 ||| INVOKING Spit Poison.
  1383 | D:2      | 1383 ||| INVOKING Spit Poison.
  1388 | D:2      | 1388 ||| INVOKING Spit Poison.
  1544 | D:2      | 1544 ||| INVOKING Spit Poison.
  1621 | D:2      | 1621 ||| READING scroll labelled CON NATZYSSUIR.
  1675 | D:3      | 1675 ||| INVOKING Spit Poison.
  1684 | D:3      | Found a sacrificial altar of Ru.
  1684 | D:3      | Found a broken altar of Ashenzari.
  1693 | D:3      | Noticed a black bear
  1694 | D:3      | 1694 ||| INVOKING Spit Poison.
  1699 | D:3      | 1699 ||| INVOKING Spit Poison.
  1703 | D:3      | Killed a black bear
  1704 | D:3      | Reached skill level 5 in Ranged Weapons
  1704 | D:3      | Reached XP level 4. HP: 25/39 MP: 4/4
  1704 | D:3      | Reached XP level 5. HP: 29/45 MP: 5/5
  1780 | D:3      | 1780 ||| INVOKING Spit Poison.
  1819 | D:3      | 1819 ||| INVOKING Spit Poison.
  1930 | D:3      | Identified the +1 dagger "Cacei" {flame, rN+ Stlth+}
  1976 | D:3      | 1976 ||| INVOKING Spit Poison.
  2044 | D:3      | 2044 ||| READING scroll labelled BITTOIMUDGH.
  2045 | D:3      | 2045 ||| READING 3 scrolls labelled HITULU CAOJU.
  2046 | D:3      | 2046 ||| READING scroll labelled FILIBBUOLO.
  2047 | D:3      | 2047 ||| READING 2 scrolls of identify.
  2047 | D:3      | 2047 ||| IDENTIFYING bubbling clear potion
  2048 | D:3      | 2048 ||| DROPPING potion of enlightenment.
  2073 | D:4      | 2073 ||| INVOKING Spit Poison.
  2079 | D:4      | 2079 ||| INVOKING Spit Poison.
  2094 | D:4      | Noticed an orc warrior
  2096 | D:4      | 2096 ||| INVOKING Spit Poison.
  2097 | D:4      | 2097 ||| INVOKING Spit Poison.
  2103 | D:4      | 2103 ||| INVOKING Spit Poison.
  2106 | D:4      | HP: 5/46 [orc warrior/+0 heavy flail (17)]
  2106 | D:4      | HP: 2/46 [orc wizard/+0 dagger (3)]
  2107 | D:4      | 2107 ||| READING scroll of teleportation.
  2107 | D:4      | Demolished by an orc warrior

Levels and vault maps discovered:
D:1:      spicycebolla_arrival_clurvy, layout_loops_ring,
          hellmonk_ecumenical_altar_zigzags, minmay_tree_intersection
D:2:      layout_basic, basic_altar
D:3:      layout_basic, jmf_multi_god_temple
D:4:      layout_loops_ring, lemuel_doored_altar,
          mainiacjoe_overflow_small_starburst, grunt_dithmenos_smoke,
          pf_guarded_unrand_delatra

Skill      XL: |  1  2  3 |
---------------+----------+-----
Ranged Weapons | 4 5 |  5.7
Fighting       | |  2.4
Dodging        | |  1.5
Stealth        | |  1.5

Action                     |  1- 3 |  4- 6 || total
---------------------------+-------+-------++-------
   Fire: Shortbow          |    65 |    23 ||    88
Ability: Spit Poison       |    21 |     7 ||    28
    Use: Scroll            |     3 |     5 ||     8
 Armour: Leather armour    |     7 |     3 ||    10
  Dodge: Dodged            |    21 |    13 ||    34

Table legend:
 A = Non-vault XP
 B = Vault XP
 C = Vault XP percentage of total XP
 D = Non-vault monster count
 E = Vault monster count
 F = Vault count percentage of total count
                 A         B        C        D         E       F
            +---------+---------+-------+---------+---------+-------
      Total |     216 |       8 |   3.6 |      29 |       4 |  12.1
            +---------+---------+-------+---------+---------+-------
        D:1 |      21 |       0 |   0.0 |       6 |       0 |   0.0
        D:2 |      38 |       0 |   0.0 |      12 |       0 |   0.0
        D:3 |     142 |       2 |   1.4 |       9 |       2 |  18.2
        D:4 |      15 |       6 |  28.6 |       2 |       2 |  50.0
            +---------+---------+-------+---------+---------+-------
